Map: Torres del ocaso

Players

DHOTTHA - Winner!

  • Race: Protoss Protoss
  • League: Diamond

Maturtle

  • Race: Terran Terran
  • League: Diamond

VOD

Have the link to the VOD?

Description

Time

  • Played on: Dec. 4, 2015, 11:33 a.m.
  • Length: 16:28
Show
View Real Time Build Order
Export as new Build Order

DHOTTHA Protoss - Winner!

Build Orders: Dark Templar Rush 

Get SALT Encoding   

  12  0:01  Probe (Chrono Boost)  
  13  0:11  Probe (Chrono Boost)  
  14  0:24  Probe (Chrono Boost), Pylon  
  15  0:42  Probe (Chrono Boost)  
  16  0:46  Gateway  
  16  0:48  Assimilator  
  16  0:58  Probe (Chrono Boost)  
  16  1:01  Assimilator  
  16  1:03  Pylon  
  17  1:09  Probe (Chrono Boost)  
  18  1:19  Probe (Chrono Boost)  
  19  1:30  Probe (Chrono Boost)  
  20  1:34  Cybernetics Core  
  20  1:40  Probe (Chrono Boost)  
  21  1:51  Probe (Chrono Boost)  
  22  2:01  Probe (Chrono Boost)  
  23  2:16  Twilight Council  
  23  2:17  Mothership Core (Chrono Boost)  
  23  2:18  Warp Gate (Chrono Boost)  
  25  2:28  Pylon  
  25  2:36  Probe (Chrono Boost)  
  26  2:47  Probe (Chrono Boost)  
  27  2:59  Gateway, Dark Shrine  
  27  3:01  Gateway  
  27  3:06  Pylon  
  27  3:21  Probe (Chrono Boost)  
  28  3:28  Robotics Facility  
  28  3:38  Nexus  
  28  3:40  Probe  
  29  3:54  Probe  
  30  4:06  Probe  
  31  4:15  Warp Prism (Chrono Boost)  
  33  4:21  Dark Templar x2  
  33  4:22  Dark Templar  
  40  4:24  Probe  
  40  4:29  Pylon  
  40  4:41  Probe  
  41  5:05  Pylon  
  39  5:08  Pylon  
  39  5:10  Pylon  
  33  5:16  Pylon  
  33  5:18  Pylon  
  33  5:19  Pylon  
  33  5:20  Pylon  
  33  5:25  Mothership Core  
  32  5:28  Dark Templar  
  32  5:29  Dark Templar  
  32  5:30  Dark Templar  
  36  5:36  Probe  
  37  5:46  Probe x2  
  37  5:57  Probe  
  37  5:58  Probe  
  37  6:04  Charge (Chrono Boost)  
  37  6:08  Probe  
  37  6:11  Probe, Zealot x3  
  45  6:18  Probe  
  45  6:20  Assimilator  
  45  6:23  Probe  
  45  6:24  Assimilator  
  47  6:28  Observer (Chrono Boost)  
  47  6:30  Probe  
  49  6:35  Probe  
  50  6:40  Zealot x2  
  50  6:41  Zealot  
  50  6:42  Probe  
  57  6:47  Probe  
  57  6:51  Forge  
  57  6:52  Pylon  
  58  6:55  Probe  
  59  7:04  Warp Prism (Chrono Boost)  
  59  7:06  Probe  
  59  7:07  Probe  
  63  7:18  Probe  
  63  7:19  Probe  
  65  7:30  Probe  
  65  7:31  Probe  
  67  7:42  Dark Templar, Probe, Assimilator  
  67  7:43  Dark Templar  
  72  7:46  Assimilator  
  72  7:47  Dark Templar  
  72  7:48  Nexus  
  74  7:52  Pylon  
  74  7:53  Probe  
  74  7:54  Probe, Pylon  
  76  8:05  Probe  
  77  8:06  Probe  
  72  8:22  Stargate  
  72  8:24  Gateway  
  72  8:29  Gateway, Zealot x3  
  72  8:32  Templar Archives  
  72  8:34  Immortal (Chrono Boost)  
  82  8:44  Probe  
  82  8:45  Probe  
  84  8:56  Probe  
  84  8:59  Psionic Storm  
  85  9:05  Photon Cannon  
  85  9:08  Pylon  
  85  9:14  Photon Cannon  
  85  9:16  Zealot x3  
  87  9:26  Protoss Ground Weapons Level 1 (Chrono Boost)  
  87  9:27  Pylon  
  87  9:33  High Templar x2  
  87  9:36  Gateway x2  
  91  9:38  Pylon  
  91  9:42  Pylon, High Templar x2  
  91  9:43  High Templar  
  97  9:48  Archon x2  
  95  9:58  Phoenix (Chrono Boost)  
  97  10:06  High Templar x2  
  99  10:21  Mothership Core  
  101  10:29  Archon  
  101  10:34  Zealot x5  
  111  10:44  Phoenix (Chrono Boost)  
  111  10:46  Gateway  
  111  10:47  Gateway, High Templar  
  111  10:48  High Templar  
  111  10:49  Gateway  
  117  10:52  Gateway, Archon  
  117  10:53  Gateway  
  117  10:55  Robotics Facility  
  117  11:01  Zealot x3  
  117  11:02  Zealot, Protoss Ground Armor Level 1  
  117  11:03  Dark Templar  
  127  11:05  Phoenix (Chrono Boost)  
  127  11:26  Dark Templar  
  127  11:27  Dark Templar, Phoenix (Chrono Boost)  
  127  11:32  Zealot x3  
  109  11:46  Zealot x2  
  113  11:56  Immortal (Chrono Boost)  
  113  11:59  Nexus  
  113  12:01  High Templar x4  
  119  12:03  Assimilator  
  119  12:04  High Templar  
  127  12:09  Assimilator  
  127  12:11  Pylon  
  127  12:12  Forge  
  127  12:13  Pylon  
  127  12:15  Pylon  
  127  12:19  High Templar  
  127  12:20  High Templar  
  127  12:22  Pylon  
  131  12:25  Pylon  
  131  12:32  Gateway  
  131  12:34  Gateway  
  131  12:41  Immortal (Chrono Boost)  
  135  12:53  Dark Templar x2, Protoss Ground Weapons Level 2 (Chrono Boost)  
  139  13:11  Protoss Ground Armor Level 2 (Chrono Boost)  
  139  13:23  Zealot x2  
  139  13:24  Zealot x5  
  139  13:25  Zealot  
  155  13:30  High Templar x2  
  155  13:31  High Templar  
  161  13:34  Phoenix  
  161  13:40  Archon x3  
  163  13:41  Archon  
  163  13:46  Zealot x3  
  169  13:49  Dark Templar  
  171  13:57  Pylon  
  171  14:00  Pylon  
  171  14:05  Photon Cannon  
  171  14:12  Warp Prism  
  173  14:17  High Templar x2  
  173  14:18  Zealot, High Templar  
  173  14:19  Zealot  
  173  14:22  Zealot  
  123  14:47  Archon x3  
  123  14:48  Archon  
  113  14:55  Zealot x3  
  113  14:56  Zealot x5  
  113  14:57  Zealot x2  
  133  15:09  High Templar x4  
  133  15:10  Phoenix  
  133  15:11  Immortal  
  147  15:16  High Templar  
  147  15:18  Zealot  
  151  15:37  Nexus  
  153  16:00  Zealot  
  153  16:01  Zealot x4  
  153  16:02  Zealot x3  
  147  16:21  Archon  
  147  16:22  Archon  
  121  16:25  Zealot  
  121  16:26  Zealot x4  
  121  16:27  Zealot x2  
  121  16:28  Zealot  
Show
View Real Time Build Order
Export as new Build Order

Maturtle Terran 

Build Orders: Reaper Expand, MMM Bio 

Get SALT Encoding   

  12  0:01  SCV  
  13  0:13  SCV  
  14  0:17  Supply Depot  
  14  0:25  SCV  
  15  0:39  SCV  
  15  0:41  Barracks  
  16  0:47  Refinery  
  16  0:51  SCV  
  17  1:03  SCV  
  18  1:15  SCV  
  19  1:28  Orbital Command  
  19  1:32  Reaper  
  20  1:51  Command Center  
  20  1:56  SCV  
  20  1:59  Supply Depot  
  21  2:12  Barracks Reactor  
  21  2:14  SCV  
  22  2:18  Engineering Bay  
  22  2:26  SCV  
  23  2:31  Factory  
  23  2:38  SCV  
  24  2:51  Marine x2  
  25  2:52  SCV  
  26  3:03  Orbital Command  
  26  3:05  SCV  
  27  3:06  Engineering Bay  
  27  3:08  Refinery  
  27  3:13  Marine x2  
  27  3:16  Factory Tech Lab  
  29  3:20  SCV  
  29  3:22  Supply Depot  
  29  3:30  SCV  
  30  3:34  Cyclone  
  30  3:35  Marine x2  
  30  3:36  SCV  
  36  3:41  Missile Turret  
  36  3:45  Missile Turret  
  36  3:56  SCV x2  
  38  4:08  SCV  
  38  4:09  SCV  
  40  4:14  Marine  
  40  4:16  Barracks, Marine  
  42  4:17  Factory Tech Lab  
  42  4:19  Barracks  
  42  4:22  SCV x2  
  44  4:26  Supply Depot  
  44  4:31  Supply Depot  
  44  4:34  SCV x2  
  44  4:36  Marine x2  
  48  4:43  Cyclone  
  51  4:48  SCV x2  
  53  4:56  Marine x2  
  55  5:05  SCV x2  
  52  5:10  Marine x2  
  47  5:17  SCV x2, Marine x2  
  53  5:28  Marauder  
  53  5:29  Siege Tank  
  53  5:31  SCV  
  53  5:35  Marine  
  57  5:36  SCV  
  57  5:39  Stimpack  
  57  5:40  Barracks Reactor  
  55  5:43  SCV  
  55  5:45  Marine  
  55  5:48  SCV  
  59  5:50  Marauder  
  59  5:53  Marine  
  60  6:03  Starport, Marine  
  61  6:11  Marauder, Marine  
  61  6:14  Factory Reactor  
  62  6:18  Marine x2  
  62  6:23  Command Center  
  64  6:30  SCV, Missile Turret  
  64  6:31  SCV  
  66  6:34  Terran Infantry Weapons Level 1, Missile Turret  
  66  6:35  Supply Depot  
  66  6:40  Engineering Bay  
  66  6:43  SCV  
  66  6:45  Marauder  
  69  6:47  Marine  
  70  6:57  Raven, Marine  
  70  6:59  Refinery  
  73  7:03  SCV  
  73  7:05  Refinery  
  73  7:06  Marauder  
  76  7:14  SCV  
  76  7:15  SCV  
  78  7:16  Barracks  
  78  7:17  Barracks  
  78  7:18  Supply Depot  
  78  7:21  Factory Reactor  
  78  7:25  Supply Depot  
  78  7:26  Terran Infantry Armor Level 1  
  78  7:34  Orbital Command  
  78  7:36  Marine x2  
  80  7:37  Marauder  
  80  7:43  Barracks  
  82  7:44  SCV  
  82  7:45  SCV  
  84  7:54  Supply Depot  
  84  7:57  Missile Turret  
  84  7:58  Missile Turret  
  84  8:00  Combat Shields, Marauder  
  82  8:07  SCV x2  
  82  8:09  SCV  
  84  8:19  SCV x2  
  82  8:22  SCV, Missile Turret, Medivac x2  
  82  8:23  Missile Turret  
  87  8:29  Missile Turret  
  87  8:31  SCV x2, Concussive Shells  
  87  8:32  Barracks Reactor, Marine x2  
  87  8:34  SCV  
  92  8:41  Missile Turret  
  92  8:43  SCV x2, Refinery  
  92  8:44  Refinery  
  92  8:45  Missile Turret  
  92  8:46  SCV  
  92  8:47  Missile Turret  
  95  8:49  Missile Turret  
  95  8:55  SCV x2  
  97  8:57  Marine x2  
  97  8:58  SCV, Marauder  
  102  9:07  SCV x2  
  104  9:10  SCV  
  104  9:11  Armory  
  105  9:17  Marine x2  
  105  9:18  Marauder  
  105  9:19  SCV x2  
  105  9:21  Factory Reactor  
  105  9:22  SCV, Marine x3  
  105  9:23  Medivac  
  117  9:32  Supply Depot x3  
  117  9:47  Ghost Academy  
  117  9:53  Medivac, Viking, Marine x2  
  117  9:54  SCV x3, Marauder  
  117  9:57  Command Center  
  128  10:07  SCV  
  128  10:08  SCV  
  128  10:10  Marauder, Marine x2  
  128  10:11  Terran Infantry Weapons Level 2, Terran Infantry Armor Level 2  
  134  10:15  Marauder  
  134  10:17  SCV  
  134  10:20  SCV  
  138  10:23  Medivac  
  138  10:28  Marine  
  141  10:30  Marine  
  141  10:40  Marine x4  
  141  10:41  Marauder x2  
  141  10:42  Supply Depot  
  149  10:45  Supply Depot  
  149  10:54  Barracks  
  149  10:55  Barracks  
  149  11:03  Marine x2  
  149  11:04  Marauder x2  
  155  11:11  Supply Depot  
  155  11:13  Planetary Fortress  
  155  11:14  Supply Depot  
  155  11:15  Missile Turret  
  155  11:17  Marine  
  155  11:18  Missile Turret  
  156  11:20  Missile Turret  
  156  11:21  Missile Turret  
  156  11:22  Personal Cloaking  
  156  11:24  Marine x2  
  156  11:25  Marauder  
  160  11:29  Marine x2  
  160  11:30  Marauder  
  148  11:33  Marine x3  
  148  11:35  Marine  
  116  11:41  Marine  
  116  11:42  Marine x2  
  116  11:46  Marine  
  108  11:47  Marine x2  
  108  11:51  Marauder, Marine  
  108  11:53  Medivac x2  
  115  11:57  Marine x3  
  117  12:01  Barracks Tech Lab x2  
  117  12:10  SCV x2  
  117  12:14  Refinery  
  124  12:17  Ghost  
  124  12:18  Ghost  
  123  12:27  Medivac x2  
  123  12:28  Terran Infantry Weapons Level 3  
  127  12:30  Terran Infantry Armor Level 3  
  127  12:31  Marine  
  127  12:35  Marine  
  127  12:36  Marine  
  130  12:40  Marine x2  
  130  12:41  Refinery  
  130  12:43  SCV x2  
  134  12:45  Marine, Marauder  
  137  12:52  Nuke  
  137  12:57  Medivac x2  
  137  12:58  Ghost  
  137  12:59  Marine  
  140  13:07  Ghost, Marine  
  143  13:13  Ghost  
  143  13:15  SCV  
  143  13:18  Marine x2  
  148  13:23  Marine x4  
  152  13:27  SCV  
  152  13:31  Marine x2  
  152  13:32  Marine x2  
  157  13:39  SCV  
  157  13:40  Missile Turret  
  158  13:44  Missile Turret  
  158  13:47  Ghost, Marine  
  161  13:49  Marine x3  
  161  13:55  Marine x2  
  165  14:00  Ghost, Marine  
  165  14:01  Marine  
  170  14:03  Missile Turret  
  170  14:04  SCV x2  
  170  14:07  Refinery  
  172  14:14  SCV, Orbital Command  
  172  14:16  SCV  
  174  14:25  Ghost x2, Marine x2  
  174  14:28  SCV x2  
  182  14:32  SCV  
  179  14:40  SCV, Ghost, Marine  
  179  14:41  Ghost  
  179  14:45  Marine, Medivac x2  
  158  14:47  Marine  
  158  14:48  Marine  
  158  14:49  Marine  
  158  14:50  Marine x3  
  127  14:53  SCV x2, Ghost  
  127  14:54  Marine  
  127  14:58  Marine  
  126  15:03  Marine  
  126  15:05  Nuke, Marine  
  126  15:10  Refinery  
  126  15:12  Marine x2  
  126  15:13  Ghost x2, Marine x2  
  132  15:15  Marine, Marauder  
  132  15:17  Marine  
  132  15:21  Marine  
  139  15:23  Marauder  
  139  15:24  Marine  
  142  15:30  Marine  
  142  15:33  SCV x2  
  142  15:34  Barracks  
  145  15:36  Marauder  
  145  15:38  Marine x4  
  145  15:39  Marine x2  
  145  15:41  Marine  
  156  15:43  Marauder x2  
  156  15:44  Marauder  
  156  15:47  Marine  
  161  15:50  Orbital Command  
  161  15:55  Marine  
  161  15:56  Marine x2  
  164  15:57  Marauder  
  164  15:58  Marine  
  164  16:01  SCV x2  
  171  16:04  Marauder x2  
  171  16:06  Marine x2, Marauder  
  171  16:08  Marine x2  
Tags
 
Add a new tag
Caveats
  • Supply blocks, unpowered buildings, or Contaminate may cause inaccurate times.
  • Supply counts are checked every 10 seconds.